 Dungeon Crawl Stone Soup version 0.30-a0-576-g89cddaab80 (webtiles) character file.

Game seed: 7276291061132515359

3392 wormed the Covert (level 9, -5/47 HPs)
             Began as a Spriggan Hunter on Dec 31, 2022.
             Was a Believer of Okawaru.
             Slain by a gnoll sergeant
             ... wielding a +0 trident
              (12 damage)
             ... on level 9 of the Dungeon.
             The game lasted 00:10:52 (9597 turns).

wormed the Covert (Spriggan Hunter)                 Turns: 9597, Time: 00:10:52

Health: -5/47      AC:  4    Str:  7    XL:     9   Next: 75%
Magic:  10/10      EV: 25    Int: 10    God:    Okawaru [**....]
Gold:   593        SH:  0    Dex: 23    Spells: 8/8 levels left

rFire   . . .      SeeInvis +    a - +0 shortbow
rCold   . . .      Faith    .    (shield currently unavailable)
rNeg    . . .      Spirit   .    c - +0 robe
rPois   .          Reflect  .    x - +2 hat
rElec   .          Harm     .    (no cloak)
rCorr   .          Rampage  .    (gloves unavailable)
Will    +....                    (boots unavailable)
Stlth   +++++                    (no amulet)
HPRegen 0.27/turn                (no ring)
MPRegen 0.12/turn                (no ring)

@: very quick
A: very small, no large weapons, unfitting armour, see invisible, speed 3
a: Renounce Religion, Heroism


You were on level 9 of the Dungeon.
You worshipped Okawaru.
Okawaru was pleased with you.
You visited 2 branches of the dungeon, and saw 10 of its levels.
You also visited: Sewer.

You collected 593 gold pieces.

Inventory:

Hand Weapons
 a - a +0 shortbow (weapon)
Missiles
 n - a throwing net
Armour
 c - a +0 robe (worn)
 x - a +2 hat (worn)
Jewellery
 v - a ring of flight
 G - a ring of ice
 I - a ring of resist corrosion
 J - an amulet of magic regeneration
Wands
 i - a wand of light (8)
 w - a wand of mindburst (10)
Scrolls
 b - 2 scrolls of immolation
 d - 6 scrolls of noise
 e - 8 scrolls of blinking {unknown}
 h - 6 scrolls of teleportation {unknown}
 p - 5 scrolls of vulnerability {unknown}
 r - 4 scrolls of identify
 s - 3 scrolls of enchant armour {unknown}
 t - a scroll of torment
 y - a scroll of amnesia
 z - a scroll of fog
 A - a scroll of poison
 E - 2 scrolls of magic mapping
 H - a scroll of silence {unknown}
Potions
 f - 4 potions of degeneration {unknown}
 g - 4 potions of attraction {unknown}
 j - 4 potions of brilliance {unknown}
 k - 2 potions of cancellation {unknown}
 l - 4 potions of mutation {unknown}
 m - 2 potions of lignification {unknown}
 o - 3 potions of ambrosia {unknown}
 q - a potion of heal wounds
 u - a potion of might {unknown}
 B - 2 potions of resistance {unknown}
 C - 2 potions of invisibility {unknown}
 D - 2 potions of magic
 F - a potion of berserk rage


   Skills:
 + Level 5.4 Fighting
 * Level 9.7 Ranged Weapons
 + Level 8.5 Dodging
 + Level 9.7 Stealth


You had 8 spell levels left.
You didn't know any spells.
Your spell library contained the following spells:

 Spells                   Type           Power      Damage    Failure   Level
 Slow                     Hex            0%         N/A       36%         1
 Orb of Destruction       Conj           0%         9d5       100%        7
 Summon Guardian Golem    Hex/Summ       Unusable   N/A       N/A         3
 Animate Dead             Necr           Unusable   N/A       N/A         4
 Haunt                    Necr/Summ      Unusable   N/A       N/A         7
 Spellforged Servitor     Conj/Summ      Unusable   N/A       N/A         7
 Infestation              Necr           Unusable   N/A       N/A         8

Dungeon Overview and Level Annotations

Branches:
Dungeon (9/15)             Temple (1/1) D:6            Lair (0/5) D:8
  Sewer (visited)
    Orc: D:9-12

Altars:
Ashenzari
Elyvilon
Fedhas
Gozag
Hepliaklqana
Kikubaaqudgha
Nemelex Xobeh
Okawaru
Qazlal
Ru
Uskayaw
Vehumet
Wu Jian
Xom
Yredelemnul
Zin
The Shining One

Annotations:
D:9 exclusion: 2 oklob plants
Temple 2 transporters


Innate Abilities, Weirdness & Mutations

You are very small and have problems with some larger weapons.
You are too small for most types of armour.
You have supernaturally acute eyesight. (SInv)
You cover ground extremely quickly. (Speed+++)


Message History

The arrow hits the gnoll but does no damage.
The gnoll barely misses you. The gnoll sergeant closely misses you.
You shoot an arrow. The arrow closely misses the gnoll.
The arrow hits the gnoll sergeant but does no damage.
The gnoll sergeant misses you.
You shoot an arrow. The arrow hits the gnoll sergeant.
The gnoll sergeant is lightly wounded.
The gnoll completely misses you. The gnoll sergeant misses you.
You shoot an arrow. The arrow hits the gnoll sergeant.
The gnoll sergeant is lightly wounded.
The gnoll barely misses you.
The gnoll sergeant completely misses you.
The yak barely misses you.
You shoot an arrow. The arrow hits the gnoll sergeant.
The gnoll sergeant is moderately wounded.
The gnoll completely misses you.
The gnoll sergeant hits you with a +0 trident!
The yak completely misses you. x2
You shoot an arrow.
The arrow barely misses the gnoll sergeant.
The gnoll completely misses you. The yak completely misses you.
The yak gores you!
The gnoll sergeant hits you with a +0 trident.
You shoot an arrow. The arrow hits the yak.
The yak is moderately wounded.
The gnoll hits you with a +0 flail!
The gnoll sergeant completely misses you.
The yak closely misses you.
You shoot an arrow. The gnoll sergeant blocks the arrow.
The gnoll hits you with a +0 flail.
* * * LOW HITPOINT WARNING * * *
The yak closely misses you. The yak misses you.
The gnoll sergeant hits you with a +0 trident.
* * * LOW HITPOINT WARNING * * *
As you read the scroll of fog, it crumbles to dust.
The scroll dissolves into smoke.
The gnoll barely misses you. The gnoll sergeant misses you. The yak misses you.
The yak completely misses you. The yak misses you.
The gnoll sergeant hits you with a +0 trident!
You die...

#.......####...## ##.#
####..........## ##...
###...#######.# #.#.# ##.....###
#.# ##... #........# ##'## ##..
#........# ##...## ##..
#........###.....## ###...
##.....####.......## ##.....
#######....###YY@......####......
....Y........'Ygg.(....'.........
#######...####§Y§......####...###
#).## ##.......## ##.## #.##
##.....## #.# #.# ##...## #.# #.#
##'## #.# #)# #.# #.# #.#
####.##### #.#


You could see 4 yaks, a gnoll sergeant and a gnoll.

Vanquished Creatures
  2 trolls
  Sigmund (D:3)
  Menkaure (D:7)
  3 sky beasts
  A hornet zombie (D:5)
  2 orc warriors (D:8)
  2 wolves (D:8)
  2 ogres
  A centaur (D:5)
  A black bear (D:4)
  A phantom (D:6)
  2 kobold brigands
  2 bullfrogs
  A scorpion (D:5)
  A necrophage (D:7)
  A wyvern zombie (D:5)
  The ghost of Taurus the Covered, a weakling MiFi (D:3)
  2 electric eels (D:8)
  A howler monkey (D:5)
  7 hounds
  A bullfrog skeleton (D:3)
  2 orc priests
  A jelly (D:7)
  Ijyb (D:3)
  3 iguanas
  A scorpion zombie (D:5)
  6 orc wizards
  2 hound zombies (D:5)
  Robin (D:3)
  A howler monkey skeleton (D:3)
  7 gnolls
  3 adders
  2 shadow imps
  5 white imps
  2 worms
  8 dart slugs
  28 orcs
  5 endoplasms
  8 giant cockroaches
  10 goblins
  9 hobgoblins
  9 jackals
  21 kobolds
  3 quokkas
  7 ball pythons
  10 bats
  5 frilled lizards
  11 rats
207 creatures vanquished.

Vanquished Creatures (others)
  A fungus (Sewer)
  3 plants
  5 toadstools (D:1)
9 creatures vanquished.

Grand Total: 216 creatures vanquished

Notes
Turn   | Place    | Note
-------+----------+-------------------------------------------
     0 | D:1      | wormed the Spriggan Hunter began the quest for the Orb.
     0 | D:1      | Reached XP level 1. HP: 10/10 MP: 2/2
   127 | D:1      | Reached XP level 2. HP: 15/15 MP: 3/3
   150 | D:1      | Found a faded altar of an unknown god.
   154 | D:1      | Got Plato's Handbook of Jinxing
   309 | D:1      | Reached XP level 3. HP: 18/18 MP: 4/4
   721 | D:2      | Reached XP level 4. HP: 23/23 MP: 5/5
  1507 | D:3      | Noticed Ijyb
  1520 | D:3      | Killed Ijyb
  1521 | D:3      | Reached skill level 5 in Ranged Weapons
  1521 | D:3      | Reached XP level 5. HP: 27/27 MP: 6/6
  1773 | D:3      | Noticed Sigmund
  1880 | D:4      | Noticed a sky beast
  1964 | D:4      | Killed a sky beast
  1965 | D:4      | Reached XP level 6. HP: 30/32 MP: 7/7
  2253 | D:4      | Reached skill level 5 in Stealth
  2518 | D:4      | Reached skill level 5 in Dodging
  2518 | D:4      | Reached XP level 7. HP: 25/36 MP: 8/8
  2674 | D:5      | Entered Level 5 of the Dungeon
  3009 | D:5      | Found a basalt altar of Yredelemnul.
  3379 | D:5      | Reached XP level 8. HP: 42/42 MP: 9/9
  3494 | D:5      | Found an ancient bone altar of Kikubaaqudgha.
  3530 | D:5      | Found a sparkling altar of Nemelex Xobeh.
  4041 | D:6      | Found a glowing drain.
  4051 | Sewer    | Entered a sewer
  4811 | D:6      | Found a staircase to the Ecumenical Temple.
  4827 | Temple   | Entered the Ecumenical Temple
  4827 | Temple   | Found a transporter.
  4827 | Temple   | Found a transporter.
  4829 | Temple   | Found a transporter.
  4829 | Temple   | Found a transporter.
  4872 | Temple   | Became a worshipper of Warmaster Okawaru
  5434 | D:3      | Killed Sigmund
  5484 | D:3      | Noticed Robin
  5491 | D:3      | Killed Robin
  5640 | D:3      | Found a runed translucent gate.
  5640 | D:3      | Found a runed translucent gate.
  5641 | D:3      | Found a runed translucent gate.
  5643 | D:3      | Noticed Taurus's ghost (weakling MiFi)
  6149 | D:3      | Killed Taurus's ghost
  6668 | D:7      | Reached * piety under Okawaru
  6837 | D:7      | Noticed Menkaure
  6847 | D:7      | Killed Menkaure
  6848 | D:7      | Reached XP level 9. HP: 40/46 MP: 10/10
  7042 | D:7      | Found a white marble altar of Elyvilon.
  7653 | D:8      | Found a broken altar of Ashenzari.
  7769 | D:8      | Noticed a troll
  7893 | D:8      | Killed a troll
  7894 | D:8      | Reached skill level 5 in Fighting
  7984 | D:8      | Reached ** piety under Okawaru
  8364 | D:8      | Found a staircase to the Lair.
  8495 | D:8      | Identified the +5 dagger of the Peculiar Knives {freeze,
                  | rC+ Will++ Str-5}
  9081 | D:8      | Found an ornate altar of the Wu Jian Council.
  9162 | D:9      | Noticed an oklob plant
  9171 | D:9      | Noticed an oklob plant
  9295 | D:9      | Noticed a troll
  9478 | D:9      | Killed a troll
  9597 | D:9      | Slain by a gnoll sergeant

Illustrated notes

Levels and vault maps discovered:
D:1:      ldierk_walled_garden, layout_basic,
          shapermc_ecumenical_altar_rom_forum, hangedman_decor_points
D:2:      layout_basic, grunt_ministairs_2, minmay_misc_feat_room,
          serial_park_tiny_1, due_unseen_surprise
D:3:      layout_loops_corners, gammafunk_ghost_necromancy, uniq_ijyb,
          uniq_sigmund, uniq_robin
D:4:      layout_loops_ring
D:5:      layout_basic, nicolae_yredelemnul_corpse_copse,
          nicolae_kikubaaqudgha_miasma_corner, mainiacjoe_overflow_paths
D:6:      layout_basic, minmay_temple_entry_enclosed_plants,
          portal_sewer_entry_f, kennysheep_generic_room_8
D:7:      layout_basic, elyvilon_altar_1, uniq_menkaure
D:8:      layout_loops_corners, mainiacjoe_overflow_alcove_2,
          ashenzari_conservatory_becter, erik_lair_island
D:9:      layout_loops_corners, kennysheep_mini, cheibriados_altar_1,
          gammafunk_ghost_split, disabler_island
Temple:   hellmonk_temple_divided_pantheon

Skill      XL: |  1  2  3  4  5  6  7  8  9 |
---------------+----------------------------+-----
Stealth        | 2 3 4 5 6 8 9 |  9.7
Dodging        | 3 4 5 7 8 |  8.5
Fighting       | 2 3 4 5 |  5.4
Ranged Weapons | 5 6 7 8 9 |  9.7

Action                   |  1- 3 |  4- 6 |  7- 9 || total
-------------------------+-------+-------+-------++-------
 Fire: Shortbow          |    99 |   144 |   714 ||   957
  Use: Scroll            |       |       |     9 ||     9
Armor: Robe              |     3 |     2 |    25 ||    30
Dodge: Dodged            |    41 |    44 |   333 ||   418

Table legend: (Time is in decaauts)
 A = Elapsed time spent in this place.
 B = Non-inter-level travel time spent in this place.
 C = Inter-level travel time spent in this place.
 D = Time resting spent in this place.
 E = Time spent auto-exploring this place.
 F = Levels seen in this place.
 G = Mean time per level.
                   A        B        C        D        E       F      G
               +--------+--------+--------+--------+--------+-----+--------+
         Total |   6880 |   6636 |    244 |      3 |   4738 |  11 |  625.5 |
       Dungeon |   6562 |   6321 |    241 |      3 |   4558 |   9 |  729.1 |
        Temple |     46 |     43 |      3 |      0 |     23 |   1 |   46.0 |
         Sewer |    271 |    271 |      0 |      0 |    156 |   1 |  271.0 |
               +--------+--------+--------+--------+--------+-----+--------+

Top non-repeatable levels by time:
     D:8: 1133 daAuts
     D:5: 1004 daAuts
     D:7: 860 daAuts
     D:3: 844 daAuts
     D:4: 731 daAuts
     D:6: 627 daAuts
     D:2: 619 daAuts
     D:1: 416 daAuts
     D:9: 326 daAuts
   Sewer: 271 daAuts
  Temple: 46 daAuts
